AoeStats
← No aprendemos 2026

Arabian Desert

510803175Analyzed
1v1 RM · 17h ago on Oct 2, 2026· 24m 2s· 2 players
Game mode
Random Map
Map size
Tiny (2 player)
Population
200
Speed
Normal
Resources
Standard
Victory
Conquest
Starting age
Dark Age
Ending age
Imperial Age
RankedLock teamsTeams togetherTeam positionsShared explorationLock speedFull tech treeHidden civsTurbo modeCheats
Victory
Defeat
🇪🇸 Mongols · Spain
1453
+14
🇺🇸 Armenians · United States
1411
-14
shh_haw
7:06 Loom
8:55 Feudal Age
8:58 Man-at-Arms
9:55 Loom
9:45 Long Swordsman
10:48 Arson
13:29 Double-Bit Axe
14:53 Horse Collar
23:15 Fletching
23:25 Padded Archer Armor
23:37 Forging
23:27 Scale Mail Armor
26:30 Castle Age
No aprendemos 2026
1:49 Loom
9:42 Feudal Age
10:18 Double-Bit Axe
17:04 Bloodlines
19:54 Wheelbarrow
23:43 Castle Age
Connection lost

Rejoining the realm…

Still unreachable

The connection could not be restored.

Session expired

The server has moved on; the page needs a fresh start.